 Dungeon Crawl Stone Soup version 0.26.1-11-gd32895ea62 (webtiles) character file.

Game seed: 1094880263998710734

67 Urokeeper the Sneak (level 4, -2/33 HPs)
             Began as a Vampire Brigand on July 21, 2021.
             Slain by a goblin (4 damage)
             ... led by Robin
             ... on level 2 of the Dungeon.
             The game lasted 00:09:24 (1159 turns).

Urokeeper the Sneak (Vampire Brigand)               Turns: 1159, Time: 00:09:25

Health: -2/33      AC:  4    Str: 10    XL:     4   Next: 0%
Magic:  4/4        EV: 12    Int: 13    God:
Gold:   84         SH:  0    Dex: 16    Spells: 3/3 levels left

rFire    . . .     SeeInvis +   f - +3 dagger
rCold    . . .     Faith    .   (no shield)
rNeg     . . .     Spirit   .   k - +0 leather armour
rPois    .         Reflect  .   (no helmet)
rElec    .         Harm     .   c - +0 cloak
rCorr    .         Rampage  .   (no gloves)
Will     .....                  (no boots)
Stlth    +++.......             (no amulet)
HPRegen  0.31/turn              (no ring)
MPRegen  0.09/turn              (no ring)

@: brilliant, lethally poisoned (-2 -> -2), about to teleport, regenerating
quickly
A: fangs 3, see invisible, unbreathing
a: Exsanguinate


You were on level 2 of the Dungeon.
You visited 1 branch of the dungeon, and saw 2 of its levels.

You collected 84 gold pieces.

Inventory:

Hand Weapons
 a - a +2 dagger
 f - a +3 dagger (weapon)
 i - a +2 dagger of pain
Missiles
 d - 8 poisoned darts (quivered)
 e - 2 curare-tipped darts
 h - 12 arrows
 j - 2 throwing nets
Armour
 b - a +0 robe
 c - a +0 cloak (worn)
 k - a +0 leather armour (worn)
 l - a +0 ring mail
Jewellery
 g - an uncursed ring of resist corrosion {unknown}


   Skills:
 + Level 2.0 Fighting
 + Level 2.9 Short Blades
 + Level 1.6 Throwing
 + Level 1.8 Dodging
 + Level 7.4 Stealth


You had 3 spell levels left.
You didn't know any spells.
Your spell library was empty.

Dungeon Overview and Level Annotations

Branches:
Dungeon (2/15)

Altars:

Annotations:
D:2 Robin


Innate Abilities, Weirdness & Mutations

Your natural rate of healing is unusually fast.
You have razor-sharp teeth.
You have supernaturally acute eyesight. (SInv)
You can survive without breathing.


Message History

The goblin hits you.
* * * LOW HITPOINT WARNING * * *
The goblin hits you.
* * * LOW HITPOINT WARNING * * *
The adder closely misses you.
As you read the scroll labelled DUIGRE KOOVUN, it crumbles to dust.
You feel strangely unstable.
It was a scroll of teleportation.
You feel sick. The adder barely misses you. The hobgoblin barely misses you.
The goblin closely misses you. The goblin barely misses you.
Okay, then.
Your library has no spells.
You closely miss the goblin.
The hobgoblin no longer looks unusually strong.
The adder closely misses you. The goblin hits you.
* * * LOW HITPOINT WARNING * * *
The hobgoblin misses you. The goblin hits you.
* * * LOW HITPOINT WARNING * * *
You barely miss the goblin. The adder bites you but does no damage.
The goblin barely misses you. The goblin hits you.
You die...

##### ..... ..#
...... . ...
......### .##.##
......#g. ....<
.......g# #...
......gS## #...
#g@## #...
##gg######## #...
##........#####...
########.#.......
#...###... #####
#... #... ####


You could see Robin, an adder, a hobgoblin and 4 goblins.

Vanquished Creatures
  An adder (D:2)
  A worm (D:2)
  A dart slug (D:1)
  3 leopard geckos
  4 giant cockroaches
  11 goblins
  5 hobgoblins
  4 jackals (D:1)
  3 bats (D:1)
  3 frilled lizards (D:1)
  5 kobolds (D:1)
  5 rats (D:1)
46 creatures vanquished.

Notes
Turn   | Place    | Note
-------+----------+-------------------------------------------
     0 | D:1      | Urokeeper the Vampire Brigand began the quest for the Orb.
     0 | D:1      | Reached XP level 1. HP: 16/16 MP: 1/1
   101 | D:1      | Reached skill level 6 in Stealth
   156 | D:1      | Reached XP level 2. HP: 5/22 MP: 2/2
   601 | D:1      | Reached XP level 3. HP: 23/27 MP: 3/3
   817 | D:1      | Reached skill level 7 in Stealth
  1142 | D:2      | Noticed Robin
  1154 | D:2      | Reached XP level 4. HP: 17/33 MP: 4/4
  1159 | D:2      | Slain by a goblin

Illustrated notes

Levels and vault maps discovered:
D:1:      dpeg_arrival_water_fire, layout_basic, serial_corexii_hall,
          chequers_hall_statues_wall_a, corexii_hall_statues_t,
          corexii_hall_statues_deadend, corexii_hall_statues_i
D:2:      layout_rooms, hangedman_decor_push, uniq_robin

Skill      XL: |  1  2  3 |
---------------+----------+-----
Stealth        | 6 7 |  7.4
Fighting       | 2 |  2.0
Short Blades   | |  2.9
Throwing       | |  1.6
Dodging        | |  1.8

Action                   |  1- 3 |  4- 6 || total
-------------------------+-------+-------++-------
Melee: Dagger            |   122 |     4 ||   126
       Bite              |    11 |       ||    11
  Use: Scroll            |       |     1 ||     1
       Potion            |       |     1 ||     1
 Stab: Sleeping          |    16 |       ||    16
Armor: Robe              |     6 |       ||     6
       Leather armour    |    14 |     4 ||    18
Dodge: Dodged            |    71 |    11 ||    82
